 Dungeon Crawl Stone Soup version 0.21-a0-94-gdd6ab6a (webtiles) character file.

43 4thArraOfDagon the Vexing (level 3, 0/24 HPs)
             Began as a Demonspawn Enchanter on July 2, 2017.
             Was an Initiate of Wu Jian.
             Succumbed to an adder's poison
             ... on level 3 of the Dungeon.
             The game lasted 00:05:03 (1270 turns).

4thArraOfDagon the Vexing (Demonspawn Enchanter)    Turns: 1270, Time: 00:05:03

Health: 0/24       AC:  5    Str:  8    XL:     3   Next: 37%
Magic:  5/6        EV: 10    Int: 17    God:    Wu Jian [......]
Gold:   88         SH:  0    Dex: 13    Spells: 3/6 levels left

rFire    . . .     SeeInvis .   a - +1 dagger
rCold    . . .     Gourm    .   (no shield)
rNeg     . . .     Faith    .   e - +0 ring mail
rPois    .         Spirit   .   (helmet restricted)
rElec    .         Reflect  .   (no cloak)
rCorr    .         Harm     .   (no gloves)
MR       .....                  (no boots)
Stlth    +.........             i - amulet of regeneration
HPRegen  0.48/turn              (no ring)
MPRegen  0.10/turn              (no ring)

@: lethally poisoned (0 -> -2), flying
A: horns 2
a: Renounce Religion


You were on level 3 of the Dungeon.
You worshipped Wu Jian.
Wu Jian was noncommittal.
You were hungry.

You visited 1 branch of the dungeon, and saw 3 of its levels.

You collected 88 gold pieces.

Inventory:

Hand Weapons
 a - a +1 dagger (weapon)
Armour
 b - a +0 robe
 e - a +0 ring mail (worn)
 h - a +0 large shield
Jewellery
 i - an amulet of regeneration (around neck)
Scrolls
 f - a scroll of remove curse
 m - a scroll of magic mapping {unknown}
 n - a scroll of enchant armour {unknown}
Potions
 g - a potion of flight
Books
 c - a book of Maledictions

   Spells                             Type                      Level
   a - Corona                         Hexes                        1
   b - Ensorcelled Hibernation        Hexes/Ice                    2
   c - Confuse                        Hexes                        3
   d - Tukima's Dance                 Hexes                        3
   e - Dazzling Spray                 Conjuration/Hexes            3
Comestibles
 d - a bread ration
 j - a royal jelly


   Skills:
 - Level 0.8 Short Blades
 - Level 2.4 Dodging
 - Level 2.6 Stealth
 * Level 2.2 Unarmed Combat
 - Level 2.0 Spellcasting
 - Level 3.0 Hexes


You had 3 spell levels left.
You knew the following spells:

 Your Spells              Type           Power        Failure   Level  Hunger
a - Corona                Hex            ##.....      17%         1    #......
b - Ensorcelled Hibernat  Hex/Ice        #.....       43%         2    ###....


Dungeon Overview and Level Annotations

Branches:
Dungeon (3/15)

Altars:
Fedhas
Okawaru
Wu Jian
The Shining One


Innate Abilities, Weirdness & Mutations

You have a pair of horns on your head.


Message History

Unknown command.
* * * LOW HITPOINT WARNING * * *
You feel sick.
Found a stone staircase leading down.
Unknown command.
* * * LOW HITPOINT WARNING * * *
You feel sick.
Unknown command.
* * * LOW HITPOINT WARNING * * *
You feel sick.
Unknown command.
* * * LOW HITPOINT WARNING * * *
You feel sick.
Unknown command.
It was a potion of flight.
You feel very buoyant.
You fly up into the air.
* * * LOW HITPOINT WARNING * * *
You feel sick.
You die...

#######.##.######.......###.
#.##.# #.......###. #....#
#........... #....#
#...........
#....#############....
#.##.....# ...... #S##.....#
#....... #.##.....# #.......
#.##.@...# #....... #.
#>........ ........ #.
##....#... #. #....# .#
###### #


There were no monsters in sight!

Vanquished Creatures
  2 adders
  A leopard gecko (D:2)
  A giant cockroach (D:3)
  2 goblins (D:2)
  5 hobgoblins
  3 jackals
  2 quokkas
  A bat (D:1)
  2 frilled lizards (D:1)
  A kobold (D:3)
  3 rats
23 creatures vanquished.

Notes
Turn   | Place    | Note
-------+----------+-------------------------------------------
     0 | D:1      | 4thArraOfDagon the Demonspawn Enchanter began the quest for the Orb.
     0 | D:1      | Reached XP level 1. HP: 13/13 MP: 3/3
   124 | D:1      | Reached skill level 1 in Unarmed Combat
   238 | D:1      | Gained mutation: You have a pair of small horns on your head. [demonic ancestry]
   238 | D:1      | Reached XP level 2. HP: 16/19 MP: 1/5
   696 | D:2      | Learned a level 2 spell: Ensorcelled Hibernation
   763 | D:2      | Found a glowing golden altar of the Shining One.
  1066 | D:2      | Gained mutation: You have a pair of horns on your head. [demonic ancestry]
  1066 | D:2      | Reached XP level 3. HP: 21/24 MP: 6/6
  1215 | D:3      | Found a blossoming altar of Fedhas.
  1215 | D:3      | Found an iron altar of Okawaru.
  1220 | D:3      | Found an ornate altar of the Wu Jian Council.
  1229 | D:3      | Became a worshipper of the Wu Jian Council
  1268 | D:3      | HP: 1/24 [poisoned by an adder]
  1270 | D:3      | Succumbed to an adder's poison

Vault maps used:
D:1:      dpeg_arrival_pond
D:2:      tso_altar
D:3:      minmay_roachtagon, minitemple, hangedman_decor_riveting

Skill      XL: |  1  2 |
---------------+-------+-----
Dodging        | 2 |  2.4
Unarmed Combat | 1 2 |  2.2
Short Blades   | |  0.8
Stealth        | |  2.6
Spellcasting   | |  2.0
Hexes          | |  3.0

Action                   || total
-------------------------++-------
Melee: Dagger            ||   113
       Headbutt          ||     7
       Unarmed           ||     2
 Cast: Corona            ||    13
       Ensorcelled Hiber ||     1
  Use: Scroll            ||     5
       Potion            ||     1
 Stab: Sleeping          ||     4
  Eat: Chunk             ||     1
Armor: Ring mail         ||    47
Dodge: Dodged            ||    49
